 Dungeon Crawl Stone Soup version 0.30.0 (webtiles) character file.

Game seed: 8523191902546936849

45 browni3141 the Grave Robber (level 3, 0/29 HPs)
             Began as a Barachi Necromancer on May 7, 2023.
             Succumbed to an adder's poison
             ... on level 3 of the Dungeon.
             The game lasted 00:01:50 (1791 turns).

browni3141 the Grave Robber (Barachi Necromancer)   Turns: 1791, Time: 00:01:50

Health: 0/29       AC:  5    Str:  9    XL:     3   Next: 64%
Magic:  2/6        EV: 10    Int: 17    God:
Gold:   78         SH:  0    Dex: 12    Spells: 5/6 levels left

rFire   + . .        X - +0 dagger
rCold   + . .        (no shield)
rNeg    . . .        U - +0 ring mail
rPois   .            (no helmet)
rElec   .            (no cloak)
rCorr   .            (no gloves)
SInv    .            (no boots)
Will    .....        (no amulet)
Stlth   +            M - ring of protection from cold
HPRegen 0.24/turn    Q - ring of protection from fire
MPRegen 0.10/turn

%: no passive effects
@: lethally poisoned (0 -> -10), very slightly contaminated, slow
A: amphibious, slowness 1, strong legs 1, +LOS
a: Hop


You were on level 3 of the Dungeon.
You visited 1 branch of the dungeon, and saw 3 of its levels.

You collected 78 gold pieces.

Inventory:

Hand Weapons
 X - a +0 dagger (weapon)
Missiles
 T - 5 boomerangs
 Z - a throwing net
Armour
 a - a +0 robe
 L - a +1 pair of gloves of strength
 U - a +0 ring mail (worn)
Jewellery
 M - a ring of protection from cold (left hand)
 N - a ring of fire
 Q - a ring of protection from fire (right hand)
Scrolls
 O - a scroll of immolation {unknown}
 P - a scroll of identify {unknown}
 R - 2 scrolls of fear {unknown}
 W - a scroll of silence {unknown}
 Y - 6 scrolls of teleportation {unknown}
Potions
 m - a potion of magic
 S - a potion of lignification {unknown}
 V - 2 potions of curing {unknown}


   Skills:
 + Level 3.0 Fighting
 * Level 1.7 Armour
 - Level 2.1 Dodging
 - Level 1.7 Stealth
 - Level 2.1 Spellcasting
 * Level 3.7 Necromancy


You had 5 spell levels left.
You knew the following spells:

 Your Spells              Type           Power      Damage    Failure   Level
N - Necrotise             Necr           56%        1d6       11%         1

Your spell library contained the following spells:

 Spells                   Type           Power      Damage    Failure   Level
 Vampiric Draining        Necr           14%        2d7       32%         3
 Cigotuvi's Dreadful Rot  Necr/Pois/Air  12%        N/A       43%         2
 Animate Dead             Necr           14%        N/A       73%         4
 Ignite Poison            Fire/Tmut/Pois 1%         N/A       83%         3
 Agony                    Necr           14%        N/A       97%         5
 Freezing Cloud           Conj/Ice/Air   0%         6-21      100%        5


Dungeon Overview and Level Annotations

Branches:
Dungeon (3/15)

Altars:
Ru

Annotations:
D:3 1 runed translucent door, Huckebein's ghost, amateur GrMo


Innate Abilities, Weirdness & Mutations

You are amphibious.
You cover ground slowly.
You can hop short distances.
You have an extended range of vision and can be seen from far away.


Message History

Done exploring.
Done exploring.
Done exploring.
Done exploring.
Done exploring.
There is a stone staircase leading down here.
You climb downwards.
There is a stone staircase leading up here.
Okay, then.
M - a ring of protection from cold (left hand)
Q - a ring of protection from fire (right hand)
L - a +1 pair of gloves of strength
Found a stone staircase leading down.
There is a stone staircase leading down here.
You now have 78 gold pieces (gained 6).
Found a runed translucent door.
Huckebein's ghost turns its malevolent gaze towards you.
No target in view!
No target in view!
An adder comes into view.
The adder hisses angrily.
An adder is nearby!
An adder is nearby!
You barely miss the adder. The adder misses you.
You closely miss the adder. The adder bites you. The adder misses you.
You hit the adder.
The adder is moderately wounded.
The adder bites you.
You closely miss the adder.
The adder is moderately wounded.
The adder misses you.
You closely miss the adder.
The adder is moderately wounded.
The adder bites you but does no damage. x2
You miss the adder.
The adder is moderately wounded.
The adder bites you but does no damage.
You hit the adder.
The adder is heavily wounded.
The adder closely misses you.
You barely miss the adder.
The adder is heavily wounded.
The adder barely misses you. The adder bites you.
You are poisoned.
The adder poisons you!
You barely miss the adder.
The adder is heavily wounded.
You feel sick. The adder closely misses you.
You hit the adder.
The adder is heavily wounded.
You feel sick. The adder barely misses you.
You completely miss the adder. Your punch misses the adder.
The adder is heavily wounded.
You feel sick. The adder bites you.
You closely miss the adder.
The adder is heavily wounded.
You feel sick.
You are no longer poisoned.
The adder bites you.
You are poisoned.
The adder poisons you! The adder closely misses you.
You barely miss the adder.
The adder is heavily wounded.
You feel sick. The adder barely misses you.
You hit the adder.
The adder is severely wounded.
You feel sick. The adder bites you.
You are more poisoned.
The adder poisons you!
You are too injured to fight recklessly!
You are too injured to fight recklessly!
You are too injured to fight recklessly!
Aiming: Necrotise (safe; 11% risk of failure)
Press: ? - help, Q - select action, (/) - cycle Shift-Dir - straight line, f - adder
Aim: an adder (heavily wounded, chance to affect: 78%)
The adder writhes in agony.
You feel sick. The adder misses you. x2
Aiming: Necrotise (safe; 11% risk of failure)
Press: ? - help, Q - select action, (/) - cycle Shift-Dir - straight line, f/p - adder
Aim: an adder (severely wounded, chance to affect: 78%)
You miscast Necrotise.
You are very lightly contaminated with residual magic.
Nothing appears to happen.
You feel sick. The adder bites you.
* * * LOW HITPOINT WARNING * * *
Aiming: Necrotise (safe; 11% risk of failure)
Press: ? - help, Q - select action, (/) - cycle Shift-Dir - straight line, f/p - adder
Aim: an adder (severely wounded, chance to affect: 78%)
The adder barely resists.
You feel sick. The adder bites you.
* * * LOW HITPOINT WARNING * * *
You are more poisoned.
The adder poisons you!
Aiming: Necrotise (safe; 11% risk of failure)
Press: ? - help, Q - select action, (/) - cycle Shift-Dir - straight line, f/p - adder
Aim: an adder (severely wounded, chance to affect: 78%)
The adder writhes in agony.
You kill the adder!
The dead are slithering!
You die...

. ... #### #... #...
#⌠##....#..#
...##...#..#
.!..##.....#
.♣..W+..##.######...
.?..##.....@Z.......
...##....#.########.
#⌠##...#.#.#
###........######.
...................
....####.########.#
#.###.#######..
#.............
#.####.######..


You could see Huckebein's ghost and a friendly adder skeleton.

Vanquished Creatures
  2 adders
  3 dart slugs (D:2)
  4 bats
  An endoplasm (D:2)
  A giant cockroach (D:1)
  5 goblins
  4 hobgoblins
  A quokka (D:2)
  A ball python (D:2)
  A frilled lizard (D:2)
  2 kobolds
  4 rats
29 creatures vanquished.

Notes
Turn   | Place    | Note
-------+----------+-------------------------------------------
     0 | D:1      | browni3141 the Barachi Necromancer began the quest for the
                  | Orb.
     0 | D:1      | Reached XP level 1. HP: 13/13 MP: 3/3
   228 | D:1      | Reached XP level 2. HP: 11/22 MP: 5/5
  1172 | D:2      | Reached XP level 3. HP: 23/28 MP: 2/6
  1344 | D:2      | Reached skill level 3 in Fighting
  1479 | D:2      | Found a sacrificial altar of Ru.
  1764 | D:3      | Found a runed translucent door.
  1764 | D:3      | Noticed Huckebein's ghost (amateur GrMo)
  1791 | D:3      | Succumbed to an adder's poison

Illustrated notes

Levels and vault maps discovered:
D:1:      dpeg_chamrin_arrival_tetris, layout_basic
D:2:      layout_basic, basic_altar
D:3:      kennysheep_the_goblin_king, layout_loops_ring,
          hellmonk_ghost_happy_afterlife, nicolae_grassy_gnolls

Skill      XL: |  1  2  3 |
---------------+----------+-----
Fighting       | 1 2 3 |  3.0
Armour         | 1 |  1.7
Dodging        | |  2.1
Stealth        | |  1.7
Spellcasting   | |  2.1
Necromancy     | |  3.7

Action                     || total
---------------------------++-------
  Melee: Dagger            ||   145
         Unarmed           ||     3
         Punch             ||     2
   Cast: Necrotise         ||    19
   Stab: Sleeping          ||     1
 Armour: Robe              ||    24
         Ring mail         ||    43
  Dodge: Dodged            ||   127
